Flyers vs Penguins
Created - 4 avril 2013 at 21:19
Goals
|
| Flyers |
1 |
3 |
3 |
7 |
| Penguins |
1 |
1 |
0 |
2 |
|
Shots
|
| Flyers |
14 |
13 |
9 |
36 |
| Penguins |
9 |
14 |
13 |
36 |
|
1st period
1. Penguins , Andreas Johansson 15 (Ryan Kesler) at 10:27
2. Flyers , Shane Doan 30 (Jeff O'Neill, Brooks Orpik) at 16:34
Penalties :
Andreas Johansson (Pit) for Hooking (Minor) at 0:14, Erik Cole (Phi) for Boarding (Minor) at 0:14, Darren Reid (Pit) for Hooking (Minor) at 7:07, Taylor Pyatt (Pit) for Roughing (Minor) at 18:45
2nd period
3. Penguins , Ted Purcell 18 (Ryan Getzlaf) at 5:46 (PP)
4. Flyers , Shane Doan 31 (Scott Hannan, Andrei Kostitsyn) at 6:29
5. Flyers , Martin Straka 18 (Brooks Orpik) at 10:45
6. Flyers , Andrei Kostitsyn 21 (Frantisek Kaberle, Shane Doan) at 12:47 (PP)
Penalties :
Chris Mason (Phi) for Slashing (Minor) at 1:46 - Erik Cole served the penalty, Scott Hannan (Phi) for Hooking (Minor) at 5:44, Andreas Johansson (Pit) for Roughing (Minor) at 10:58
3rd period
7. Flyers , Martin St. Louis 13 (Marc Savard) at 7:14
8. Flyers , Eric Godard 4 (Brooks Orpik, Marcel Hossa) at 9:15
9. Flyers , Andrei Kostitsyn 22 (Shane Doan) at 15:44
Penalties :
Ruslan Fedotenko (Pit) for Tripping (Minor) at 9:53, Marcel Hossa (Phi) for Slashing (Minor) at 12:07, Steve Staios (Pit) for Fighting (Major) at 16:51, Scott Hannan (Phi) for Fighting (Major) at 16:51
Goalie Stats
Chris Mason (Phi), 34 saves from 36 shots - (0,944), W, 15-17-6, 60:00 minutes
Brian Elliott (Pit), 29 saves from 36 shots - (0,806), L, 14-15-3, 60:00 minutes
Players Stats for Flyers
Player Name G A P +/- PIM S H SB GA TA FO MP PP MP PK MP
------------------------------------------------------------------------------------
Andrei Kostitsyn 2 1 3 3 0 8 2 0 1 0 3/3 19:35 2:39 1:02
Blair Betts 0 0 0 1 0 1 1 1 1 0 1/3 7:56 0:00 1:20
Brooks Orpik 0 3 3 2 0 1 2 1 0 2 0/0 30:46 5:15 2:19
David Moss 0 0 0 1 0 0 0 0 0 0 0/0 8:43 0:00 0:00
Ed Jovanovski 0 0 0 3 0 2 1 1 0 0 0/0 19:38 2:31 1:41
Eric Godard 1 0 1 1 0 1 1 1 0 0 0/0 6:54 0:34 0:00
Erik Cole 0 0 0 0 2 1 1 0 2 0 2/2 20:10 4:33 0:00
Frantisek Kaberle 0 1 1 2 0 4 0 0 0 0 0/0 30:46 5:15 2:19
Jeff O'Neill 0 1 1 3 0 6 3 0 0 0 7/9 19:34 2:39 0:54
Marc Savard 0 1 1 0 0 1 2 0 1 0 26/48 23:06 4:33 1:58
Marcel Hossa 0 1 1 1 2 0 0 0 0 0 0/0 6:37 0:00 0:00
Martin St. Louis 1 0 1 0 0 4 2 1 3 0 0/1 22:38 4:33 1:52
Martin Straka 1 0 1 1 0 1 3 0 0 0 5/7 9:36 0:34 0:00
Mike Lundin 0 0 0 0 0 0 0 0 0 0 0/0 9:36 0:00 0:00
Miroslav Satan 0 0 0 1 0 2 3 1 0 0 0/0 9:36 0:34 0:00
Nolan Pratt 0 0 0 0 0 0 1 0 0 1 0/0 10:11 0:00 0:00
Scott Hannan 0 1 1 3 7 0 2 0 1 0 0/0 19:01 2:31 1:41
Shane Doan 2 2 4 3 0 4 0 0 1 0 1/1 19:34 2:39 0:54
Players Stats for Penguins
Player Name G A P +/- PIM S H SB GA TA FO MP PP MP PK MP
------------------------------------------------------------------------------------
Andreas Johansson 1 0 1 -2 4 4 2 1 0 0 0/2 18:46 2:05 1:45
Andy Delmore 0 0 0 1 0 1 0 0 1 1 0/0 23:23 0:00 2:16
Ben Eager 0 0 0 -1 0 0 0 0 0 0 0/0 7:07 0:08 1:22
Carlo Colaiacovo 0 0 0 -3 0 0 0 3 0 1 0/0 16:19 2:19 0:00
Dan Hamhuis 0 0 0 -3 0 1 0 1 0 1 0/0 16:58 1:41 5:30
Darcy Tucker 0 0 0 -1 0 1 1 0 0 1 0/0 5:45 0:08 0:00
Darren Reid 0 0 0 0 2 9 1 2 0 2 1/1 19:44 1:47 0:00
Marc-Édouard Vlasic 0 0 0 1 0 1 2 3 1 1 0/0 25:38 2:19 0:00
Martin Skoula 0 0 0 -3 0 3 1 1 0 1 0/0 17:51 0:00 2:16
Mike Watt 0 0 0 -2 0 1 2 0 0 0 0/0 9:14 0:00 0:18
Riley Armstrong 0 0 0 -1 0 0 0 0 0 0 1/4 8:16 0:18 2:12
Ruslan Fedotenko 0 0 0 -2 2 0 0 0 0 0 0/2 13:17 0:00 4:21
Ryan Getzlaf 0 1 1 0 0 3 2 1 0 0 14/24 19:47 1:55 0:18
Ryan Kesler 0 1 1 -2 0 3 0 1 1 0 9/24 17:49 1:47 0:00
Steve Staios 0 0 0 -3 5 1 2 1 0 0 0/0 19:50 1:41 5:30
T.J. Hensick 0 0 0 -2 0 0 0 0 0 0 4/15 14:08 0:00 5:16
Taylor Pyatt 0 0 0 0 2 5 1 0 0 1 0/1 19:24 1:47 0:00
Ted Purcell 1 0 1 -2 0 3 1 0 0 1 0/1 16:53 2:05 0:00
3 Stars
1 - Shane Doan (Phi)
2 - Andrei Kostitsyn (Phi)
3 - Brooks Orpik (Phi)
Power Play
Flyers - 1 on 4 Attempt(s) - 25,00%
Penguins - 1 on 3 Attempt(s) - 33,33%
Penalty Kill
Flyers - 2 on 3 Attempt(s) - 66,67%
- Score 0 goal in Penalty Kill
Penguins - 3 on 4 Attempt(s) - 75,00%
- Score 0 goal in Penalty Kill
Official
Referees : Pochmara Brian and Hebert Ghislain
Linesman : Mark Wheler and Jonny Murray
Game Notes
Steve Staios and Scott Hannan fight to a draw at 16:51 of 3rd period
Darren Reid is injured at 19:40 of 3rd period (Left Hand)
Finance
Level 1 -- Attendance: 5641 (94,02%) -- Ticket Income 394 870 $
Level 2 -- Attendance: 4487 (89,74%) -- Ticket Income 215 376 $
Level 3 -- Attendance: 1812 (90,60%) -- Ticket Income 54 360 $
Level 4 -- Attendance: 3667 (91,68%) -- Ticket Income 58 672 $
Luxury Box -- Attendance: 922 (92,20%) -- Ticket Income 159 506 $
Game was played at the Igloo
Total Attendance: 16529 (91,83%)
Total Ticket Income: 882 784 $
Total Income: 882 784 $
Flyers
5 vs 5 Forward
Center Left Wing Right Wing Time % Phy DF OF
1 Marc Savard Erik Cole Martin St. Louis 40 1 2 2
2 Jeff O'Neill Andrei Kostitsyn Shane Doan 30 1 2 2
3 Martin Straka David Moss Miroslav Satan 20 1 2 2
4 Blair Betts Marcel Hossa Eric Godard 10 1 2 2
5 vs 5 Defense
Defense Defense Time % Phy DF OF
1 Frantisek Kaberle Brooks Orpik 40 1 2 2
2 Ed Jovanovski Scott Hannan 30 1 2 2
3 Nolan Pratt Mike Lundin 20 1 2 2
4 Frantisek Kaberle Brooks Orpik 10 1 2 2
PowerPlay Forward
Center Left Wing Right Wing Time % Phy DF OF
1 Marc Savard Erik Cole Martin St. Louis 60 1 2 2
2 Jeff O'Neill Andrei Kostitsyn Shane Doan 40 1 2 2
PowerPlay Defense
Defense Defense Time % Phy DF OF
1 Frantisek Kaberle Brooks Orpik 60 1 2 2
2 Ed Jovanovski Scott Hannan 40 1 2 2
Penalty Kill 4 Players Forward
Center Wing Time % Phy DF OF
1 Marc Savard Martin St. Louis 60 1 2 2
2 Shane Doan Jeff O'Neill 40 1 2 2
Penalty Kill 4 Players Defense
Defense Defense Time % Phy DF OF
1 Frantisek Kaberle Brooks Orpik 60 1 2 2
2 Ed Jovanovski Scott Hannan 40 1 2 2
Penalty Kill - 3 Players Forward
Forward Time % Phy DF OF
1 Marc Savard 60 1 2 2
2 Martin St. Louis 40 1 2 2
Penalty Kill - 3 Players Defense
Defense Defense Time % Phy DF OF
1 Frantisek Kaberle Brooks Orpik 60 1 2 2
2 Ed Jovanovski Scott Hannan 40 1 2 2
4 vs 4 Forward
Center Wing Time % Phy DF OF
1 Marc Savard Martin St. Louis 60 1 2 2
2 Shane Doan Jeff O'Neill 40 1 2 2
4 vs 4 Defense
Defense Defense Time % Phy DF OF
1 Frantisek Kaberle Brooks Orpik 60 1 2 2
2 Ed Jovanovski Scott Hannan 40 1 2 2
Last Minutes Offensive
Center Left Wing Right Wing Defense Defense
Marc Savard Erik Cole Martin St. Louis Frantisek Kaberle Brooks Orpik
Last Minutes Defensive
Center Left Wing Right Wing Defense Defense
Marc Savard Erik Cole Martin St. Louis Frantisek Kaberle Brooks Orpik
Goaltenders
Starting : Chris Mason
Backup : Ray Emery
Extra Forwards
Normal : Miroslav Satan, Martin Straka, Blair Betts - PP : Miroslav Satan, Martin Straka - PK : Blair Betts
Extra Defensemen
Normal : Nolan Pratt, Mike Lundin, Ed Jovanovski - PP : Nolan Pratt - PK : Mike Lundin, Ed Jovanovski
Penalty Shots
Marc Savard, Martin St. Louis, Shane Doan, Jeff O'Neill, Miroslav Satan
Penguins
5 vs 5 Forward
Center Left Wing Right Wing Time % Phy DF OF
1 Ryan Kesler Andreas Johansson Ted Purcell 38 0 1 4
2 Ryan Getzlaf Taylor Pyatt Darren Reid 38 0 1 4
3 T.J. Hensick Ruslan Fedotenko Mike Watt 17 0 1 4
4 Riley Armstrong Ben Eager Darcy Tucker 7 0 1 4
5 vs 5 Defense
Defense Defense Time % Phy DF OF
1 Andy Delmore Marc-Édouard Vlasic 40 0 1 4
2 Carlo Colaiacovo Martin Skoula 30 0 1 4
3 Dan Hamhuis Steve Staios 20 0 1 4
4 Steve Staios Marc-Édouard Vlasic 10 0 1 4
PowerPlay Forward
Center Left Wing Right Wing Time % Phy DF OF
1 Ryan Getzlaf Andreas Johansson Ted Purcell 60 0 1 4
2 Ryan Kesler Taylor Pyatt Darren Reid 40 0 1 4
PowerPlay Defense
Defense Defense Time % Phy DF OF
1 Carlo Colaiacovo Marc-Édouard Vlasic 60 0 1 4
2 Dan Hamhuis Steve Staios 40 1 1 3
Penalty Kill 4 Players Forward
Center Wing Time % Phy DF OF
1 T.J. Hensick Ruslan Fedotenko 60 1 3 1
2 Riley Armstrong Andreas Johansson 40 1 3 1
Penalty Kill 4 Players Defense
Defense Defense Time % Phy DF OF
1 Dan Hamhuis Steve Staios 60 1 3 1
2 Andy Delmore Martin Skoula 40 1 3 1
Penalty Kill - 3 Players Forward
Forward Time % Phy DF OF
1 Ruslan Fedotenko 60 1 1 3
2 Riley Armstrong 40 1 1 3
Penalty Kill - 3 Players Defense
Defense Defense Time % Phy DF OF
1 Steve Staios Carlo Colaiacovo 60 1 1 3
2 Dan Hamhuis Martin Skoula 40 1 1 3
4 vs 4 Forward
Center Wing Time % Phy DF OF
1 Ryan Kesler Darren Reid 60 0 1 4
2 Ryan Getzlaf Taylor Pyatt 40 0 1 4
4 vs 4 Defense
Defense Defense Time % Phy DF OF
1 Steve Staios Marc-Édouard Vlasic 60 0 1 4
2 Dan Hamhuis Martin Skoula 40 0 1 4
Last Minutes Offensive
Center Left Wing Right Wing Defense Defense
Ryan Kesler Taylor Pyatt Darren Reid Carlo Colaiacovo Marc-Édouard Vlasic
Last Minutes Defensive
Center Left Wing Right Wing Defense Defense
Ryan Kesler Ruslan Fedotenko Ted Purcell Dan Hamhuis Steve Staios
Goaltenders
Starting : Brian Elliott
Backup : Jason LaBarbera
Extra Forwards
Normal : Ryan Getzlaf, Ryan Kesler, Taylor Pyatt - PP : Ryan Getzlaf, Ryan Kesler - PK : Ruslan Fedotenko
Extra Defensemen
Normal : Carlo Colaiacovo, Steve Staios, Dan Hamhuis - PP : Marc-Édouard Vlasic - PK : Steve Staios, Dan Hamhuis
Penalty Shots
Ryan Kesler, Ryan Getzlaf, Riley Armstrong, Darren Reid, Taylor Pyatt
% Time on Ice - Flyers
Lines # - Real PCT - Wanted PCT - Time Play
Normal Forward
1 - 35% - 40% - 16:04
2 - 33% - 30% - 15:12
3 - 19% - 20% - 8:43
4 - 14% - 10% - 6:16
Normal Defense
1 - 44% - 40% - 20:08
2 - 32% - 30% - 14:47
3 - 21% - 20% - 9:36
4 - 4% - 10% - 1:44
PP Forward
1 - 66% - 60% - 5:07
2 - 34% - 40% - 2:39
PP Defense
1 - 68% - 60% - 5:15
2 - 32% - 40% - 2:31
PK Forward
1 - 78% - 60% - 3:06
2 - 23% - 40% - 0:54
PK Defense
1 - 58% - 60% - 2:19
2 - 42% - 40% - 1:41
PK3 Forward
1 - 0% - 60%
2 - 0% - 40%
PK3 Defense
1 - 0% - 60%
2 - 0% - 40%
44 Forward
1 - 59% - 60% - 1:10
2 - 41% - 40% - 0:49
44 Defense
1 - 67% - 60% - 1:20
2 - 33% - 40% - 0:39
Last Minute Offensive - 0:00
Last Minute Defensive - 0:00
Total
Forward - 60:00
Defense - 60:00
|
% Time on Ice - Penguins
Lines # - Real PCT - Wanted PCT - Time Play
Normal Forward
1 - 33% - 38% - 15:29
2 - 37% - 38% - 16:53
3 - 19% - 17% - 8:51
4 - 11% - 7% - 5:02
Normal Defense
1 - 43% - 40% - 20:06
2 - 33% - 30% - 15:09
3 - 20% - 20% - 9:04
4 - 4% - 10% - 1:56
PP Forward
1 - 55% - 60% - 2:13
2 - 45% - 40% - 1:47
PP Defense
1 - 58% - 60% - 2:19
2 - 42% - 40% - 1:41
PK Forward
1 - 82% - 60% - 6:20
2 - 18% - 40% - 1:26
PK Defense
1 - 71% - 60% - 5:30
2 - 29% - 40% - 2:16
PK3 Forward
1 - 0% - 60%
2 - 0% - 40%
PK3 Defense
1 - 0% - 60%
2 - 0% - 40%
44 Forward
1 - 62% - 60% - 1:14
2 - 38% - 40% - 0:45
44 Defense
1 - 77% - 60% - 1:32
2 - 23% - 40% - 0:27
Last Minute Offensive - 0:00
Last Minute Defensive - 0:00
Total
Forward - 60:00
Defense - 60:00
|
Play by Play
1st period
0:01 of 1st period - Ryan Kesler wins face-off versus Marc Savard in neutral zone.
0:03 of 1st period - Off-side.
0:04 of 1st period - Marc Savard wins face-off versus Ryan Kesler in neutral zone.
0:14 of 1st period - Minor Penalty to Andreas Johansson for Hooking.
0:14 of 1st period - Minor Penalty to Erik Cole for Boarding.
0:15 of 1st period - Marc Savard wins face-off versus Ryan Kesler in Penguins zone.
0:16 of 1st period - Wrist shot by Martin St. Louis.
0:16 of 1st period - Shot Misses the Net.
0:18 of 1st period - Snap shot by Marc Savard.
0:18 of 1st period - Deflect By Martin St. Louis.
0:18 of 1st period - Shot Blocked by Marc-Édouard Vlasic.
0:18 of 1st period - Puck is out of play.
0:19 of 1st period - Ryan Kesler wins face-off versus Marc Savard in Penguins zone.
1:02 of 1st period - Wrist shot by Ryan Kesler.
1:02 of 1st period - Shot Misses the Net.
1:04 of 1st period - Slapshot by Steve Staios.
1:04 of 1st period - Stopped by Chris Mason without a rebound.
1:05 of 1st period - Marc Savard wins face-off versus Ryan Getzlaf in Flyers zone.
1:30 of 1st period - Ryan Getzlaf is hit by Ed Jovanovski and loses puck.
1:59 of 1st period - Steve Staios is hit by Brooks Orpik and loses puck.
2:10 of 1st period - Marc Savard is hit by Marc-Édouard Vlasic and loses puck.
2:14 of 1st period - Penalty to Andreas Johansson is over, Andreas Johansson is back on ice.
2:14 of 1st period - Penalty to Erik Cole is over, Erik Cole is back on ice.
3:10 of 1st period - Snap shot by Ryan Kesler.
3:10 of 1st period - Shot Misses the Net.
3:26 of 1st period - Icing by Martin Skoula.
3:27 of 1st period - Erik Cole wins face-off versus Ryan Kesler in Penguins zone.
3:34 of 1st period - Carlo Colaiacovo is hit by Martin St. Louis and loses puck.
4:47 of 1st period - Snap shot by Darcy Tucker.
4:47 of 1st period - Shot Blocked by Miroslav Satan.
6:28 of 1st period - Snap shot by Martin St. Louis.
6:28 of 1st period - Stopped by Brian Elliott with a rebound.
6:30 of 1st period - Wrist shot by Marc Savard.
6:30 of 1st period - Stopped by Brian Elliott with a rebound.
7:06 of 1st period - Wrist shot by Darren Reid.
7:06 of 1st period - Deflect By Shane Doan.
7:06 of 1st period - Stopped by Chris Mason without a rebound.
7:07 of 1st period - Darren Reid wins face-off versus Marc Savard in Flyers zone.
7:07 of 1st period - Minor Penalty to Darren Reid for Hooking.
7:08 of 1st period - Marc Savard wins face-off versus Ruslan Fedotenko in Penguins zone.
7:11 of 1st period - Snap shot by Martin St. Louis.
7:11 of 1st period - Stopped by Brian Elliott without a rebound.
7:12 of 1st period - Marc Savard wins face-off versus T.J. Hensick in Penguins zone.
7:39 of 1st period - Icing by Brooks Orpik.
7:40 of 1st period - Jeff O'Neill wins face-off versus T.J. Hensick in Flyers zone.
7:50 of 1st period - Snap shot by Shane Doan.
7:50 of 1st period - Stopped by Brian Elliott with a rebound.
7:52 of 1st period - Snap shot by Jeff O'Neill.
7:52 of 1st period - Stopped by Brian Elliott with a rebound.
7:54 of 1st period - Slapshot by Brooks Orpik.
7:54 of 1st period - Stopped by Brian Elliott with a rebound.
7:56 of 1st period - Snap shot by Shane Doan.
7:56 of 1st period - Shot Misses the Net.
8:08 of 1st period - Slapshot by Shane Doan.
8:08 of 1st period - Shot Misses the Net.
8:10 of 1st period - Slapshot by Jeff O'Neill.
8:10 of 1st period - Stopped by Brian Elliott without a rebound.
8:11 of 1st period - Marc Savard wins face-off versus T.J. Hensick in Penguins zone.
9:07 of 1st period - Penalty to Darren Reid is over, Darren Reid is back on ice.
10:27 of 1st period - Snap shot by Andreas Johansson.
10:27 of 1st period - Goal by Andreas Johansson - Flyers : 0 - Penguins : 1.
10:28 of 1st period - Jeff O'Neill wins face-off versus Ryan Getzlaf in neutral zone.
10:41 of 1st period - Wrist shot by Ryan Getzlaf.
10:41 of 1st period - Shot Misses the Net.
10:43 of 1st period - Slapshot by Darren Reid.
10:43 of 1st period - Stopped by Chris Mason without a rebound.
10:44 of 1st period - Martin Straka wins face-off versus Ryan Getzlaf in Flyers zone.
11:14 of 1st period - Wrist shot by Ryan Getzlaf.
11:14 of 1st period - Stopped by Chris Mason with a rebound.
11:16 of 1st period - Wrist shot by Ryan Getzlaf.
11:16 of 1st period - Shot Misses the Net.
11:18 of 1st period - Slapshot by Martin Skoula.
11:18 of 1st period - Stopped by Chris Mason with a rebound.
11:20 of 1st period - Snap shot by Taylor Pyatt.
11:20 of 1st period - Shot Blocked by Blair Betts.
11:34 of 1st period - Frantisek Kaberle is hit by Andreas Johansson.
11:42 of 1st period - Slapshot by Shane Doan.
11:42 of 1st period - Shot Blocked by Carlo Colaiacovo.
11:44 of 1st period - Slapshot by Mike Lundin.
11:44 of 1st period - Deflect By Jeff O'Neill.
11:44 of 1st period - Shot Misses the Net.
11:44 of 1st period - Puck is out of play.
11:45 of 1st period - Martin Straka wins face-off versus Ryan Kesler in Penguins zone.
11:48 of 1st period - Snap shot by Miroslav Satan.
11:48 of 1st period - Stopped by Brian Elliott with a rebound.
12:14 of 1st period - Wrist shot by Shane Doan.
12:14 of 1st period - Deflect By Jeff O'Neill.
12:14 of 1st period - Stopped by Brian Elliott with a rebound.
13:16 of 1st period - Wrist shot by Andreas Johansson.
13:16 of 1st period - Shot Misses the Net.
13:41 of 1st period - Icing by Brooks Orpik.
13:42 of 1st period - Riley Armstrong wins face-off versus Martin Straka in Flyers zone.
14:05 of 1st period - Snap shot by Steve Staios.
14:05 of 1st period - Shot Misses the Net.
14:20 of 1st period - Wrist shot by Miroslav Satan.
14:20 of 1st period - Deflect By David Moss.
14:20 of 1st period - Shot Blocked by Steve Staios.
14:20 of 1st period - Puck is out of play.
14:21 of 1st period - Ryan Getzlaf wins face-off versus Marc Savard in Penguins zone.
14:26 of 1st period - Slapshot by Dan Hamhuis.
14:26 of 1st period - Deflect By Darren Reid.
14:26 of 1st period - Stopped by Chris Mason without a rebound.
14:27 of 1st period - Ryan Getzlaf wins face-off versus Marc Savard in Flyers zone.
14:38 of 1st period - Wrist shot by Martin St. Louis.
14:38 of 1st period - Stopped by Brian Elliott without a rebound.
14:39 of 1st period - Ryan Getzlaf wins face-off versus Marc Savard in Penguins zone.
14:51 of 1st period - Taylor Pyatt is hit by Marc Savard and loses puck.
15:13 of 1st period - Ted Purcell is hit by Scott Hannan and loses puck.
16:11 of 1st period - Darcy Tucker is hit by Eric Godard and loses puck.
16:26 of 1st period - Wrist shot by Andrei Kostitsyn.
16:26 of 1st period - Stopped by Brian Elliott with a rebound.
16:28 of 1st period - Slapshot by Frantisek Kaberle.
16:28 of 1st period - Stopped by Brian Elliott with a rebound.
16:30 of 1st period - Slapshot by Brooks Orpik.
16:30 of 1st period - Shot Blocked by Ryan Kesler.
16:32 of 1st period - Slapshot by Jeff O'Neill.
16:32 of 1st period - Shot Misses the Net.
16:34 of 1st period - Snap shot by Shane Doan.
16:34 of 1st period - Goal by Shane Doan - Flyers : 1 - Penguins : 1.
16:35 of 1st period - Marc Savard wins face-off versus Taylor Pyatt in neutral zone.
16:38 of 1st period - Slapshot by Brooks Orpik.
16:38 of 1st period - Shot Blocked by Darren Reid.
16:46 of 1st period - Slapshot by Taylor Pyatt.
16:46 of 1st period - Stopped by Chris Mason without a rebound.
16:47 of 1st period - Marc Savard wins face-off versus Ryan Getzlaf in Flyers zone.
17:12 of 1st period - Brooks Orpik is hit by Ted Purcell and loses puck.
17:21 of 1st period - Slapshot by Ted Purcell.
17:21 of 1st period - Stopped by Chris Mason with a rebound.
17:39 of 1st period - Wrist shot by Miroslav Satan.
17:39 of 1st period - Deflect By Martin Straka.
17:39 of 1st period - Shot Blocked by Carlo Colaiacovo.
17:39 of 1st period - Puck is out of play.
17:40 of 1st period - Ryan Getzlaf wins face-off versus Martin St. Louis in Penguins zone.
17:45 of 1st period - Marc Savard is hit by Ryan Getzlaf and loses puck.
18:19 of 1st period - Off-side.
18:20 of 1st period - Marc Savard wins face-off versus T.J. Hensick in neutral zone.
18:29 of 1st period - Erik Cole is hit by Martin Skoula and loses puck.
18:45 of 1st period - Minor Penalty to Taylor Pyatt for Roughing.
18:46 of 1st period - Marc Savard wins face-off versus Ruslan Fedotenko in Penguins zone.
19:15 of 1st period - Icing by Frantisek Kaberle.
19:16 of 1st period - Andrei Kostitsyn wins face-off versus Riley Armstrong in Flyers zone.
19:27 of 1st period - Snap shot by Jeff O'Neill.
19:27 of 1st period - Stopped by Brian Elliott without a rebound.
19:28 of 1st period - Marc Savard wins face-off versus T.J. Hensick in Penguins zone.
19:53 of 1st period - Wrist shot by Andrei Kostitsyn.
19:53 of 1st period - Shot Misses the Net.
2nd period
0:01 of 2nd period - T.J. Hensick wins face-off versus Marc Savard in neutral zone.
0:13 of 2nd period - Off-side.
0:14 of 2nd period - T.J. Hensick wins face-off versus Marc Savard in neutral zone.
0:45 of 2nd period - Penalty to Taylor Pyatt is over, Taylor Pyatt is back on ice.
1:05 of 2nd period - Wrist shot by Miroslav Satan.
1:05 of 2nd period - Stopped by Brian Elliott without a rebound.
1:06 of 2nd period - Ryan Kesler wins face-off versus Marc Savard in Penguins zone.
1:17 of 2nd period - Slapshot by Ryan Kesler.
1:17 of 2nd period - Stopped by Chris Mason without a rebound.
1:18 of 2nd period - Marc Savard wins face-off versus Ryan Getzlaf in Flyers zone.
1:25 of 2nd period - Wrist shot by Martin St. Louis.
1:25 of 2nd period - Shot Misses the Net.
1:30 of 2nd period - Icing by Ryan Getzlaf.
1:31 of 2nd period - Erik Cole wins face-off versus Ryan Getzlaf in Penguins zone.
1:44 of 2nd period - Wrist shot by Taylor Pyatt.
1:44 of 2nd period - Shot Blocked by Brooks Orpik.
1:46 of 2nd period - Snap shot by Darren Reid.
1:46 of 2nd period - Stopped by Chris Mason without a rebound.
1:46 of 2nd period - Minor Penalty to Chris Mason for Slashing.
1:47 of 2nd period - Marc Savard wins face-off versus Ryan Getzlaf in Flyers zone.
3:45 of 2nd period - Frantisek Kaberle is hit by Darcy Tucker and loses puck.
3:46 of 2nd period - Penalty to Erik Cole is over, Erik Cole is back on ice.
3:50 of 2nd period - Wrist shot by Riley Armstrong.
3:50 of 2nd period - Shot Misses the Net.
4:16 of 2nd period - Slapshot by Blair Betts.
4:16 of 2nd period - Shot Misses the Net.
4:18 of 2nd period - Slapshot by Frantisek Kaberle.
4:18 of 2nd period - Shot Blocked by Carlo Colaiacovo.
4:20 of 2nd period - Slapshot by Frantisek Kaberle.
4:20 of 2nd period - Stopped by Brian Elliott without a rebound.
4:21 of 2nd period - Martin Straka wins face-off versus T.J. Hensick in Penguins zone.
4:36 of 2nd period - Wrist shot by Miroslav Satan.
4:36 of 2nd period - Shot Misses the Net.
5:25 of 2nd period - Andy Delmore is hit by Martin Straka and loses puck.
5:31 of 2nd period - Off-side.
5:32 of 2nd period - Marc Savard wins face-off versus Ryan Kesler in neutral zone.
5:44 of 2nd period - Minor Penalty to Scott Hannan for Hooking.
5:45 of 2nd period - Ryan Getzlaf wins face-off versus Marc Savard in Flyers zone.
5:46 of 2nd period - Wrist shot by Ted Purcell.
5:46 of 2nd period - Goal by Ted Purcell - Flyers : 1 - Penguins : 2.
5:47 of 2nd period - Ryan Getzlaf wins face-off versus Marc Savard in neutral zone.
6:17 of 2nd period - Wrist shot by Jeff O'Neill.
6:17 of 2nd period - Shot Blocked by Marc-Édouard Vlasic.
6:19 of 2nd period - Slapshot by Jeff O'Neill.
6:19 of 2nd period - Shot Misses the Net.
6:21 of 2nd period - Backhand shot by Frantisek Kaberle.
6:21 of 2nd period - Stopped by Brian Elliott with a rebound.
6:23 of 2nd period - Slapshot by Frantisek Kaberle.
6:23 of 2nd period - Stopped by Brian Elliott without a rebound.
6:24 of 2nd period - Jeff O'Neill wins face-off versus Ryan Kesler in Penguins zone.
6:25 of 2nd period - Wrist shot by Andrei Kostitsyn.
6:25 of 2nd period - Stopped by Brian Elliott with a rebound.
6:27 of 2nd period - Snap shot by Jeff O'Neill.
6:27 of 2nd period - Deflect By Andrei Kostitsyn.
6:27 of 2nd period - Stopped by Brian Elliott with a rebound.
6:29 of 2nd period - Slapshot by Scott Hannan.
6:29 of 2nd period - Deflect By Shane Doan.
6:29 of 2nd period - Goal by Shane Doan - Flyers : 2 - Penguins : 2.
6:30 of 2nd period - Ryan Getzlaf wins face-off versus Marc Savard in neutral zone.
7:18 of 2nd period - Slapshot by Andy Delmore.
7:18 of 2nd period - Shot Misses the Net.
7:20 of 2nd period - Wrist shot by Andreas Johansson.
7:20 of 2nd period - Stopped by Chris Mason with a rebound.
7:22 of 2nd period - Slapshot by Andy Delmore.
7:22 of 2nd period - Stopped by Chris Mason with a rebound.
7:42 of 2nd period - Snap shot by Darren Reid.
7:42 of 2nd period - Deflect By Taylor Pyatt.
7:42 of 2nd period - Stopped by Chris Mason without a rebound.
7:43 of 2nd period - Ryan Getzlaf wins face-off versus Blair Betts in Flyers zone.
7:46 of 2nd period - Wrist shot by Darren Reid.
7:46 of 2nd period - Stopped by Chris Mason without a rebound.
7:47 of 2nd period - Marc Savard wins face-off versus Ryan Getzlaf in Flyers zone.
8:03 of 2nd period - Wrist shot by Marc Savard.
8:03 of 2nd period - Shot Misses the Net.
8:31 of 2nd period - Off-side.
8:32 of 2nd period - Martin Straka wins face-off versus T.J. Hensick in neutral zone.
9:09 of 2nd period - Wrist shot by Darren Reid.
9:09 of 2nd period - Stopped by Chris Mason without a rebound.
9:10 of 2nd period - Jeff O'Neill wins face-off versus Andreas Johansson in Flyers zone.
9:15 of 2nd period - Frantisek Kaberle is hit by Marc-Édouard Vlasic and loses puck.
9:38 of 2nd period - Icing by Steve Staios.
9:39 of 2nd period - Ryan Getzlaf wins face-off versus Marc Savard in Penguins zone.
9:54 of 2nd period - Marc Savard is hit by Taylor Pyatt and loses puck.
10:13 of 2nd period - Wrist shot by Marc Savard.
10:13 of 2nd period - Deflect By Ryan Getzlaf.
10:13 of 2nd period - Shot Blocked by Darren Reid.
10:13 of 2nd period - Puck is out of play.
10:14 of 2nd period - Jeff O'Neill wins face-off versus Ryan Kesler in Penguins zone.
10:25 of 2nd period - Frantisek Kaberle is hit by Steve Staios and loses puck.
10:40 of 2nd period - Ruslan Fedotenko is hit by Brooks Orpik and loses puck.
10:45 of 2nd period - Slapshot by Martin Straka.
10:45 of 2nd period - Goal by Martin Straka - Flyers : 3 - Penguins : 2.
10:46 of 2nd period - Ryan Kesler wins face-off versus Marc Savard in neutral zone.
10:57 of 2nd period - Snap shot by Ted Purcell.
10:57 of 2nd period - Stopped by Chris Mason without a rebound.
10:58 of 2nd period - Marc Savard wins face-off versus Ryan Kesler in Flyers zone.
10:58 of 2nd period - Minor Penalty to Andreas Johansson for Roughing.
10:59 of 2nd period - T.J. Hensick wins face-off versus Marc Savard in Penguins zone.
11:43 of 2nd period - Off-side.
11:44 of 2nd period - Andrei Kostitsyn wins face-off versus T.J. Hensick in neutral zone.
11:57 of 2nd period - Slapshot by Ed Jovanovski.
11:57 of 2nd period - Stopped by Brian Elliott without a rebound.
11:58 of 2nd period - T.J. Hensick wins face-off versus Jeff O'Neill in Penguins zone.
12:19 of 2nd period - Ruslan Fedotenko is hit by Martin St. Louis and loses puck.
12:35 of 2nd period - Off-side.
12:36 of 2nd period - Jeff O'Neill wins face-off versus Riley Armstrong in neutral zone.
12:47 of 2nd period - Wrist shot by Andrei Kostitsyn.
12:47 of 2nd period - Goal by Andrei Kostitsyn - Flyers : 4 - Penguins : 2.
12:48 of 2nd period - Marc Savard wins face-off versus Ryan Kesler in neutral zone.
14:01 of 2nd period - Ed Jovanovski is hit by Ryan Getzlaf and loses puck.
14:05 of 2nd period - Icing by Ed Jovanovski.
14:06 of 2nd period - Ryan Kesler wins face-off versus Blair Betts in Flyers zone.
14:21 of 2nd period - Snap shot by Marcel Hossa.
14:21 of 2nd period - Shot Blocked by Dan Hamhuis.
14:23 of 2nd period - Snap shot by Blair Betts.
14:23 of 2nd period - Stopped by Brian Elliott without a rebound.
14:24 of 2nd period - Ryan Getzlaf wins face-off versus Marc Savard in Penguins zone.
14:33 of 2nd period - Off-side.
14:34 of 2nd period - Marc Savard wins face-off versus Ryan Getzlaf in neutral zone.
14:43 of 2nd period - Wrist shot by Ryan Getzlaf.
14:43 of 2nd period - Shot Blocked by Martin St. Louis.
14:45 of 2nd period - Wrist shot by Taylor Pyatt.
14:45 of 2nd period - Stopped by Chris Mason with a rebound.
14:59 of 2nd period - Slapshot by Martin Skoula.
14:59 of 2nd period - Stopped by Chris Mason with a rebound.
16:39 of 2nd period - Wrist shot by Marc Savard.
16:39 of 2nd period - Shot Blocked by Ryan Getzlaf.
16:47 of 2nd period - Slapshot by Martin Skoula.
16:47 of 2nd period - Stopped by Chris Mason without a rebound.
16:48 of 2nd period - Ryan Kesler wins face-off versus Jeff O'Neill in Flyers zone.
17:03 of 2nd period - Wrist shot by Andrei Kostitsyn.
17:03 of 2nd period - Stopped by Brian Elliott with a rebound.
17:23 of 2nd period - Slapshot by Marc-Édouard Vlasic.
17:23 of 2nd period - Stopped by Chris Mason without a rebound.
17:24 of 2nd period - Jeff O'Neill wins face-off versus Ryan Kesler in Flyers zone.
17:24 of 2nd period - Jeff O'Neill is hit by Steve Staios.
18:06 of 2nd period - Slapshot by Shane Doan.
18:06 of 2nd period - Shot Blocked by Marc-Édouard Vlasic.
18:08 of 2nd period - Slapshot by Ed Jovanovski.
18:08 of 2nd period - Stopped by Brian Elliott without a rebound.
18:09 of 2nd period - Martin Straka wins face-off versus T.J. Hensick in Penguins zone.
18:24 of 2nd period - Snap shot by T.J. Hensick.
18:24 of 2nd period - Shot Misses the Net.
18:36 of 2nd period - Andreas Johansson is hit by Nolan Pratt and loses puck.
19:29 of 2nd period - Slapshot by Ryan Kesler.
19:29 of 2nd period - Stopped by Chris Mason with a rebound.
3rd period
0:01 of 3rd period - Ryan Kesler wins face-off versus Marc Savard in neutral zone.
0:06 of 3rd period - Snap shot by Ryan Kesler.
0:06 of 3rd period - Stopped by Chris Mason with a rebound.
0:11 of 3rd period - Off-side.
0:12 of 3rd period - Shane Doan wins face-off versus Ryan Kesler in neutral zone.
0:21 of 3rd period - Wrist shot by Shane Doan.
0:21 of 3rd period - Stopped by Brian Elliott with a rebound.
0:23 of 3rd period - Wrist shot by Andrei Kostitsyn.
0:23 of 3rd period - Shot Blocked by Andreas Johansson.
0:25 of 3rd period - Snap shot by Jeff O'Neill.
0:25 of 3rd period - Stopped by Brian Elliott with a rebound.
1:25 of 3rd period - Ryan Kesler is hit by Jeff O'Neill.
1:29 of 3rd period - Slapshot by Dan Hamhuis.
1:29 of 3rd period - Stopped by Chris Mason with a rebound.
2:39 of 3rd period - Blair Betts is hit by Mike Watt and loses puck.
3:30 of 3rd period - Darren Reid is hit by Andrei Kostitsyn and loses puck.
3:47 of 3rd period - Darren Reid is hit by Andrei Kostitsyn and loses puck.
4:18 of 3rd period - Ryan Getzlaf is hit by Jeff O'Neill and loses puck.
4:33 of 3rd period - Slapshot by Ryan Getzlaf.
4:33 of 3rd period - Stopped by Chris Mason with a rebound.
4:35 of 3rd period - Snap shot by Ryan Getzlaf.
4:35 of 3rd period - Stopped by Chris Mason with a rebound.
4:47 of 3rd period - Wrist shot by Darren Reid.
4:47 of 3rd period - Stopped by Chris Mason with a rebound.
5:12 of 3rd period - Slapshot by Brooks Orpik.
5:12 of 3rd period - Shot Misses the Net.
5:14 of 3rd period - Wrist shot by Andrei Kostitsyn.
5:14 of 3rd period - Shot Hit the Post.
5:24 of 3rd period - Slapshot by Shane Doan.
5:24 of 3rd period - Shot Misses the Net.
6:10 of 3rd period - Andrei Kostitsyn is hit by Darren Reid and loses puck.
6:31 of 3rd period - Wrist shot by Ryan Getzlaf.
6:31 of 3rd period - Deflect By Darren Reid.
6:31 of 3rd period - Stopped by Chris Mason with a rebound.
7:08 of 3rd period - Snap shot by Andrei Kostitsyn.
7:08 of 3rd period - Stopped by Brian Elliott with a rebound.
7:10 of 3rd period - Slapshot by Frantisek Kaberle.
7:10 of 3rd period - Deflect By Jeff O'Neill.
7:10 of 3rd period - Stopped by Brian Elliott without a rebound.
7:11 of 3rd period - Marc Savard wins face-off versus Ted Purcell in Penguins zone.
7:14 of 3rd period - Slapshot by Martin St. Louis.
7:14 of 3rd period - Goal by Martin St. Louis - Flyers : 5 - Penguins : 2.
7:15 of 3rd period - Marc Savard wins face-off versus Ryan Kesler in neutral zone.
7:41 of 3rd period - Ruslan Fedotenko is hit by Martin Straka and loses puck.
7:47 of 3rd period - Off-side.
7:48 of 3rd period - Ryan Kesler wins face-off versus Martin Straka in neutral zone.
7:59 of 3rd period - Wrist shot by Andreas Johansson.
7:59 of 3rd period - Stopped by Chris Mason without a rebound.
8:00 of 3rd period - Marc Savard wins face-off versus Ryan Kesler in Flyers zone.
8:27 of 3rd period - Martin Straka is hit by Mike Watt and loses puck.
8:46 of 3rd period - Snap shot by Darcy Tucker.
8:46 of 3rd period - Stopped by Chris Mason without a rebound.
8:47 of 3rd period - Blair Betts wins face-off versus Riley Armstrong in Flyers zone.
8:58 of 3rd period - Wrist shot by Marcel Hossa.
8:58 of 3rd period - Shot Blocked by Martin Skoula.
9:15 of 3rd period - Wrist shot by Eric Godard.
9:15 of 3rd period - Goal by Eric Godard - Flyers : 6 - Penguins : 2.
9:16 of 3rd period - Ryan Kesler wins face-off versus Marc Savard in neutral zone.
9:43 of 3rd period - Andy Delmore is hit by Miroslav Satan and loses puck.
9:53 of 3rd period - Minor Penalty to Ruslan Fedotenko for Tripping.
9:54 of 3rd period - Marc Savard wins face-off versus T.J. Hensick in Penguins zone.
11:01 of 3rd period - Andy Delmore is hit by Miroslav Satan and loses puck.
11:53 of 3rd period - Penalty to Ruslan Fedotenko is over, Ruslan Fedotenko is back on ice.
12:05 of 3rd period - Steve Staios is hit by Blair Betts and loses puck.
12:07 of 3rd period - Minor Penalty to Marcel Hossa for Slashing.
12:08 of 3rd period - Ryan Getzlaf wins face-off versus Marc Savard in Flyers zone.
13:47 of 3rd period - Taylor Pyatt is hit by Scott Hannan and loses puck.
14:07 of 3rd period - Penalty to Marcel Hossa is over, Marcel Hossa is back on ice.
14:36 of 3rd period - Andy Delmore is hit by Martin Straka and loses puck.
14:45 of 3rd period - Wrist shot by Miroslav Satan.
14:45 of 3rd period - Shot Hit the Post.
15:40 of 3rd period - Snap shot by Andrei Kostitsyn.
15:40 of 3rd period - Stopped by Brian Elliott without a rebound.
15:41 of 3rd period - Andrei Kostitsyn wins face-off versus T.J. Hensick in Penguins zone.
15:42 of 3rd period - Snap shot by Shane Doan.
15:42 of 3rd period - Shot Misses the Net.
15:44 of 3rd period - Snap shot by Andrei Kostitsyn.
15:44 of 3rd period - Goal by Andrei Kostitsyn - Flyers : 7 - Penguins : 2.
15:45 of 3rd period - Marc Savard wins face-off versus Ryan Kesler in neutral zone.
15:52 of 3rd period - Slapshot by Erik Cole.
15:52 of 3rd period - Stopped by Brian Elliott with a rebound.
16:00 of 3rd period - Backhand shot by Andreas Johansson.
16:00 of 3rd period - Shot Misses the Net.
16:12 of 3rd period - Darren Reid is hit by Jeff O'Neill and loses puck.
16:32 of 3rd period - Snap shot by Mike Watt.
16:32 of 3rd period - Stopped by Chris Mason with a rebound.
16:36 of 3rd period - Snap shot by T.J. Hensick.
16:36 of 3rd period - Shot Blocked by Eric Godard.
16:38 of 3rd period - Wrist shot by T.J. Hensick.
16:38 of 3rd period - Shot Blocked by Ed Jovanovski.
16:40 of 3rd period - Slapshot by Ruslan Fedotenko.
16:40 of 3rd period - Shot Misses the Net.
16:51 of 3rd period - Steve Staios and Scott Hannan fight to a draw.
16:51 of 3rd period - Penalty to Steve Staios for Fighting.
16:51 of 3rd period - Penalty to Scott Hannan for Fighting.
16:52 of 3rd period - Marc Savard wins face-off versus Andreas Johansson in Flyers zone.
17:01 of 3rd period - Andreas Johansson is hit by Marc Savard and loses puck.
17:23 of 3rd period - Ryan Kesler is hit by Miroslav Satan and loses puck.
19:00 of 3rd period - Andrei Kostitsyn is hit by Andreas Johansson and loses puck.
19:05 of 3rd period - Snap shot by Andreas Johansson.
19:05 of 3rd period - Stopped by Chris Mason without a rebound.
19:06 of 3rd period - Marc Savard wins face-off versus Ryan Getzlaf in Flyers zone.
19:15 of 3rd period - Wrist shot by Taylor Pyatt.
19:15 of 3rd period - Stopped by Chris Mason without a rebound.
19:16 of 3rd period - Ryan Getzlaf wins face-off versus Marc Savard in Flyers zone.
19:19 of 3rd period - Snap shot by Taylor Pyatt.
19:19 of 3rd period - Stopped by Chris Mason without a rebound.
19:20 of 3rd period - Ryan Getzlaf wins face-off versus Marc Savard in Flyers zone.
19:21 of 3rd period - Backhand shot by Taylor Pyatt.
19:21 of 3rd period - Deflect By Darren Reid.
19:21 of 3rd period - Stopped by Chris Mason without a rebound.
19:22 of 3rd period - Ryan Getzlaf wins face-off versus Marc Savard in Flyers zone.
19:39 of 3rd period - Darren Reid is hit by Erik Cole and loses puck.
19:40 of 3rd period - Darren Reid from Penguins is injured at 19:40 of 3rd period (Left Hand).
19:41 of 3rd period - Marc Savard wins face-off versus Ryan Kesler in Penguins zone.
Output by the SimonT Hockey Simulator (STHS) for Pascal Landry -- Original Page W3C XHTML 1.0 Valid